AoeStats
← n0A1m - ReadMyProfile :)

Oasis

509170927Analyzed
2v2 RM · 7d ago on Sep 25, 2026· 19m 51s· 4 players
Game mode
Random Map
Map size
Medium (4 player)
Population
200
Speed
Normal
Resources
Standard
Victory
Conquest
Starting age
Dark Age
Ending age
Imperial Age
RankedLock teamsTeams togetherTeam positionsShared explorationLock speedFull tech treeHidden civsTurbo modeCheats
Victory
Defeat
🇲🇽 Varangians · Mexico
1087
+17
🇲🇽 Lithuanians · Mexico
1087
+17
1104
-17
🇩🇪 Berbers · Germany
1104
-17
CASTORJHON
8:19 Loom
10:22 Feudal Age
11:03 Double-Bit Axe
13:07 Fletching
14:40 Padded Archer Armor
21:41 Castle Age
19:33 Gold Mining
19:34 Stone Mining
JoseTezcaltlipoca
0:27 Loom
12:48 Feudal Age
15:34 Town Watch
17:13 Forging
18:04 Bloodlines
20:23 Scale Barding Armor
n0A1m - ReadMyProfile :)
7:08 Loom
9:43 Feudal Age
10:23 Double-Bit Axe
13:03 Horse Collar
16:55 Fletching
21:38 Castle Age
19:42 Padded Archer Armor
noAim - R3adMyProfile :)
10:11 Feudal Age
8:27 Loom
11:19 Horse Collar
11:26 Double-Bit Axe
12:34 Wheelbarrow
11:45 Town Watch
Connection lost

Rejoining the realm…

Still unreachable

The connection could not be restored.

Session expired

The server has moved on; the page needs a fresh start.